Map: Reclamation LE

Players

Alebay - Winner!

  • Race: Protoss Protoss
  • Spawn Location: 5:00

MattBarry - Winner!

  • Race: Zerg Zerg
  • League: Gold
  • Spawn Location: 6:00

VOD

Have the link to the VOD?

Description

Time

  • Played on: Jan. 27, 2023, 5:29 p.m.
  • Length: 11:06
Show
View Real Time Build Order
Export as new Build Order

Alebay Protoss - Winner!

Build Orders:  

Get SALT Encoding   

  12  0:03  Probe (Chrono Boost)  
  3  0:20  Probe (Chrono Boost)  
  14  0:24  Pylon  
  14  0:36  Probe (Chrono Boost)  
  15  0:53  Gateway, Probe (Chrono Boost)  
  16  1:03  Assimilator  
  17  1:10  Probe (Chrono Boost)  
  17  1:27  Probe (Chrono Boost)  
  18  1:44  Probe (Chrono Boost)  
  20  2:01  Probe (Chrono Boost)  
  20  2:06  Nexus  
  20  2:14  Cybernetics Core  
  20  2:19  Probe (Chrono Boost)  
  21  2:26  Assimilator  
  21  2:39  Probe (Chrono Boost)  
  22  2:40  Pylon  
  22  2:55  Probe (Chrono Boost)  
  25  3:11  Probe  
  26  3:23  Pylon  
  26  3:28  Probe  
  27  3:46  Probe  
  27  3:47  Unknown, Stalker, Probe  
  31  3:51  Warp Gate (Chrono Boost)  
  31  4:02  Robotics Facility  
  31  4:06  Probe x2  
  33  4:20  Gateway  
  33  4:22  Gateway  
  33  4:25  Probe x2  
  35  4:43  Probe  
  35  4:44  Probe  
  37  4:56  Stalker  
  39  5:00  Probe x2  
  39  5:07  Immortal  
  45  5:13  Twilight Council  
  45  5:19  Pylon  
  45  5:23  Assimilator, Probe  
  45  5:26  Probe  
  47  5:35  Stalker  
  49  5:40  Stalker  
  49  5:43  Probe  
  49  5:44  Probe  
  53  5:51  Stalker  
  55  6:01  Pylon, Probe x2  
  57  6:13  Warp Prism  
  59  6:22  Probe  
  59  6:23  Probe  
  59  6:26  Assimilator  
  59  6:28  Stalker  
  63  6:44  Pylon  
  63  6:47  Pylon  
  63  6:51  Probe x2  
  63  6:54  Stalker  
  67  7:09  Immortal  
  71  7:13  Stalker  
  73  7:20  Stalker  
  73  7:27  Stalker  
  77  7:36  Forge  
  77  7:46  Blink (Chrono Boost)  
  77  7:47  Stalker  
  77  8:06  Stalker  
  77  8:07  Stalker  
  81  8:16  Stalker x2  
  81  8:40  Pylon  
  81  8:42  Pylon  
  81  8:44  Gateway  
  81  8:48  Gateway  
  81  8:49  Stalker  
  83  8:50  Gateway, Stalker  
  83  8:57  Stalker x2  
  79  9:26  Stalker  
  63  9:56  Stalker  
  63  9:57  Stalker  
  63  9:58  Stalker  
  69  10:26  Stalker x2  
  69  10:27  Stalker  
  73  10:48  Stalker  
  73  10:49  Stalker x2  
Show
View Real Time Build Order
Export as new Build Order

MattBarry Zerg - Winner!

Build Orders:  

Get SALT Encoding   

  12  0:00  Drone  
  13  0:17  Overlord  
  13  0:24  Drone  
  14  0:43  Drone  
  14  0:44  Drone  
  16  1:10  Hatchery  
  16  1:15  Drone  
  16  1:17  Drone  
  17  1:23  Drone  
  17  1:27  Extractor  
  17  1:47  Spawning Pool  
  16  1:50  Drone  
  17  2:00  Drone  
  17  2:03  Drone  
  19  2:17  Drone  
  20  2:34  Overlord  
  20  2:54  Queen  
  20  2:58  Drone  
  23  3:03  Queen  
  23  3:07  Zergling x2  
  26  3:11  Zergling x2  
  26  3:18  Zergling x2  
  28  3:30  Zergling x2  
  28  3:32  Drone  
  30  3:43  Metabolic Boost  
  30  3:49  Drone x3  
  33  3:57  Evolution Chamber  
  32  4:01  Drone  
  32  4:04  Drone  
  34  4:11  Extractor  
  33  4:26  Drone  
  33  4:27  Drone  
  35  4:31  Drone  
  35  4:39  Lair  
  32  5:10  Extractor  
  32  5:11  Extractor  
  32  5:13  Drone x3  
  32  5:14  Drone  
  32  5:16  Baneling Nest  
  32  5:17  Drone x3  
  36  5:39  Overlord x3  
  36  6:04  Queen x2  
  36  6:06  Overlord  
  36  6:08  Zergling x6  
  36  6:09  Zergling x2, Drone x2  
  46  6:10  Drone x2  
  48  6:25  Spore Crawler  
  48  6:28  Spore Crawler, Drone x2  
  48  6:29  Drone  
  49  6:53  Hatchery  
  45  7:13  Zergling x2  
  45  7:14  Zergling x12  
  45  7:16  Roach Warren  
  51  7:23  Zergling x2  
  51  7:24  Zergling x8  
  52  8:06  Drone x3  
  52  8:08  Drone x2  
  52  8:09  Hatchery  
  56  8:11  Zerg Melee Weapons Level 1  
  56  8:19  Evolution Chamber  
  55  8:21  Infestation Pit  
  55  8:24  Drone x4  
  58  8:35  Queen  
  60  9:01  Drone  
  60  9:02  Drone x7  
  60  9:03  Drone x5  
  60  9:09  Zergling x2  
  74  9:28  Overlord x3  
  73  9:56  Zergling x2  
  73  9:57  Zergling x18  
  83  10:04  Zergling x2  
  83  10:05  Zergling x10  
  87  10:39  Roach  
Tags
 
League
Gold
Matchup
Co-op
Replay Pack
Multiplayer
Add a new tag
Caveats
  • Supply blocks, unpowered buildings, or Contaminate may cause inaccurate times.
  • Supply counts are checked every 10 seconds.